 Dungeon Crawl Stone Soup version 0.23.0 (webtiles) character file.

Game seed: 13997228110960899936

36 Oravi the Digger (level 3, 0/25 HPs)
             Began as a Halfling Earth Elementalist on Feb 13, 2019.
             Was an Initiate of Okawaru.
             Succumbed to an adder's poison
             ... on level 2 of the Dungeon.
             The game lasted 00:05:21 (881 turns).

Oravi the Digger (Halfling Earth Elementalist)       Turns: 881, Time: 00:05:21

Health: 0/25       AC:  3    Str: 10    XL:     3   Next: 57%
Magic:  3/5        EV: 15    Int: 13    God:    Okawaru [......]
Gold:   72         SH:  0    Dex: 14    Spells: 4/5 levels left

rFire    . . .     SeeInvis .   b - +0 falchion
rCold    . . .     Gourm    .   (shield restricted)
rNeg     . . .     Faith    .   c - +0 robe
rPois    .         Spirit   .   p - +0 helmet
rElec    .         Reflect  .   (no cloak)
rCorr    .         Harm     .   (no gloves)
MR       .....                  (no boots)
Stlth    ++........             (no amulet)
HPRegen  0.08/turn              (no ring)
MPRegen  0.09/turn              (no ring)

@: lethally poisoned (0 -> -3), hasted, very quick
A: small, mutation resistance 1
a: Renounce Religion


You were on level 2 of the Dungeon.
You worshipped Okawaru.
Okawaru was noncommittal.
You were not hungry.

You visited 1 branch of the dungeon, and saw 2 of its levels.

You collected 72 gold pieces.

Inventory:

Hand Weapons
 a - a +0 spear
 b - a +0 falchion (weapon)
Missiles
 l - 20 arrows
 m - a throwing net {!f}
 o - 16 poisoned needles
 r - 92 stones (quivered)
 s - 16 sling bullets
Armour
 c - a +0 robe (worn)
 i - a +0 ring mail
 p - a +0 helmet (worn)
Jewellery
 n - an uncursed ring of ice
Scrolls
 e - a scroll of noise {unknown}
 g - a scroll of magic mapping {unknown}
 h - 3 scrolls of teleportation {unknown}
 j - a scroll of enchant weapon {unknown}
 q - 3 scrolls of identify {unknown}
Comestibles
 d - 5 rations


   Skills:
 + Level 2.4 Fighting
 + Level 0.7 Long Blades
 - Level 2.1 Dodging
 - Level 2.1 Stealth
 - Level 1.5 Spellcasting
   Level 0.5 Transmutations
 - Level 3.0 Earth Magic


You had 4 spell levels left.
You knew the following spells:

 Your Spells              Type           Power        Failure   Level  Hunger
a - Sandblast             Erth           #.....       8%          1    ##.....

Your spell library contained the following spells:

 Spells                   Type           Power        Failure   Level  Hunger
 Passwall                 Tmut/Erth      #.......     21%         2    ###....
 Stone Arrow              Conj/Erth      #.....       41%         3    ####...
 Petrify                  Tmut/Erth      #.......     78%         4    #####..
 Lee's Rapid Deconstruct  Erth           #.........   91%         5    ######.


Dungeon Overview and Level Annotations

Branches:
Dungeon (2/15)

Altars:
Okawaru


Innate Abilities, Weirdness & Mutations

You are small and have problems with some larger weapons.
You are somewhat resistant to further mutation.


Message History

* * * LOW HITPOINT WARNING * * *
You feel sick.
Found 10 gold pieces.
The bat barely misses you.
You barely miss the bat. The bat barely misses you.
* * * LOW HITPOINT WARNING * * *
You feel sick. The bat hits you but does no damage.
Found a ration.
You hit the bat.
You kill the bat!
Okawaru accepts your kill.
You see here a bat corpse.
* * * LOW HITPOINT WARNING * * *
You feel sick.
Found a lumpy dark potion.
The rat barely misses you.
You riposte.
You hit the rat.
The rat is heavily wounded.
The rat barely misses you.
Found a yellow potion and a scroll labeled EMARGH HOMU.
You die...

#### ## .. ... ...
...###### #. #.##
#.#......# # ...#
#.........# ##
#..##...!....?.#
###.
#..#..........#
#...
#.#.!.....?..###.##
#.@..........##..#
###.......[.....##
##.r$.......###
#..........#
#..........#
#..........#
#.....S)...######
#.......†........
##.........######


You could see an adder and a rat.

Vanquished Creatures
  An adder (D:2)
  A dart slug (D:1)
  A leopard gecko (D:1)
  3 giant cockroaches (D:1)
  3 hobgoblins
  5 bats
  3 frilled lizards
  3 goblins (D:1)
  2 kobolds (D:1)
  A rat (D:1)
23 creatures vanquished.

Notes
Turn   | Place    | Note
-------+----------+-------------------------------------------
     0 | D:1      | Oravi the Halfling Earth Elementalist began the quest for
                  | the Orb.
     0 | D:1      | Reached XP level 1. HP: 11/11 MP: 3/3
   121 | D:1      | Reached skill level 1 in Fighting
   165 | D:1      | Reached XP level 2. HP: 14/18 MP: 4/4
   523 | D:1      | Found an iron altar of Okawaru.
   542 | D:1      | Became a worshipper of Warmaster Okawaru
   563 | D:1      | Reached XP level 3. HP: 24/24 MP: 5/5
   871 | D:2      | HP: 1/25 [poisoned by an adder]
   881 | D:2      | Succumbed to an adder's poison

Skill      XL: |  1  2 |
---------------+-------+-----
Fighting       | 1 2 |  2.4
Long Blades    | |  0.7
Dodging        | |  2.1
Stealth        | |  2.1
Spellcasting   | |  1.5
Transmutations | |  0.5
Earth Magic    | |  3.0

Action                   || total
-------------------------++-------
Melee: Unarmed           ||    27
       Spear             ||    87
       Falchion          ||    11
 Cast: Sandblast         ||     7
  Use: Potion            ||     1
 Stab: Sleeping          ||     2
Armor: Robe              ||    20
Dodge: Dodged            ||   111
       Rpst.: Falchion   ||     5
